 Dungeon Crawl Stone Soup version 0.27.1-35-g4d5d836560 (webtiles) character file.

Game seed: 11417395262636680791

389 Delamore the Sneak (level 6, 0/39 HPs)
             Began as an Octopode Brigand on May 15, 2022.
             Was an Initiate of Gozag.
             Slain by a goblin (2 damage)
             ... on level 4 of the Dungeon.
             The game lasted 00:03:43 (3683 turns).

Delamore the Sneak (Octopode Brigand)               Turns: 3683, Time: 00:03:44

Health: 0/39       AC:  1    Str: 11    XL:     6   Next: 79%
Magic:  15/15      EV: 13    Int: 13    God:    Gozag
Gold:   176        SH:  0    Dex: 15    Spells: 5/5 levels left

rFire    . . .     SeeInvis .   a - +2 dagger
rCold    . . .     Faith    .   (no shield)
rNeg     . . .     Spirit   .   (helmet restricted)
rPois    .         Reflect  .   (no amulet)
rElec    .         Harm     .   u - ring of magical power
rCorr    .         Rampage  .   (no ring)
Will     .....                  (no ring)
Stlth    ++++......             (no ring)
HPRegen  0.13/turn              (no ring)
MPRegen  0.14/turn              (no ring)
                                (no ring)
                                (no ring)

@: gold aura, studying 2 skills
A: almost no armour, amphibious, 8 rings, camouflage 1, gelatinous body 1,
(nimble swimmer 1), tentacles
a: Renounce Religion, Potion Petition, Call Merchant, Bribe Branch


You were on level 4 of the Dungeon.
You worshipped Gozag.
Gozag was aware of your devotion.
You visited 2 branches of the dungeon, and saw 5 of its levels.
You also visited: Sewer.

You collected 245 gold pieces.
You paid 69 gold pieces to Gozag.

Inventory:

Hand Weapons
 a - a +2 dagger (weapon)
Missiles
 b - 8 poisoned darts (quivered)
 c - 2 curare-tipped darts
Jewellery
 u - a ring of magical power (left tentacle)
Wands
 e - a wand of flame (13)
 s - a wand of paralysis (4)
 w - a wand of iceblast (8)
Scrolls
 f - a scroll of amnesia
 g - a scroll of enchant armour {unknown}
 h - 6 scrolls of teleportation
 n - 2 scrolls of fog {unknown}
 o - 2 scrolls of enchant weapon {unknown}
 q - a scroll of blinking {unknown}
 t - a scroll of fear {unknown}
Potions
 d - a potion of flight {unknown}
 j - 2 potions of resistance {unknown}
 k - 3 potions of curing {unknown}
 l - a potion of cancellation {unknown}
 m - a potion of might {unknown}
 p - a potion of experience {unknown}
 r - 2 potions of heal wounds {unknown}


   Skills:
 - Level 2.0 Fighting
 * Level 6.2 Short Blades
 + Level 3.2 Throwing
 + Level 2.4 Dodging
 - Level 6.4 Stealth


You had 5 spell levels left.
You didn't know any spells.
Your spell library contained the following spells:

 Spells                   Type           Power      Damage    Failure   Level
 Summon Small Mammal      Summ           0%         N/A       30%         1
 Call Canine Familiar     Summ           0%         N/A       67%         3
 Summon Guardian Golem    Hex/Summ       0%         N/A       67%         3


Dungeon Overview and Level Annotations

Branches:
Dungeon (4/15)             Temple (1/1) D:4           Sewer (visited)

Altars:
Gozag
Hepliaklqana
Uskayaw
Wu Jian
Yredelemnul
The Shining One


Innate Abilities, Weirdness & Mutations

You cannot wear most types of armour.
You are amphibious.
You can wear up to eight rings at the same time.
Your skin changes colour to match your surroundings (Stealth+).
Your rubbery body absorbs attacks. (AC +1, EV +1)
((You are camouflaged near water. (Stealth+)))
You have tentacles for arms and can constrict up to eight enemies at once.


Message History

No target in view!
No target in view!
No target in view!
You now have 167 gold pieces (gained 7).
You now have 176 gold pieces (gained 9).
Found a stone staircase leading up.
Found a scroll of identify.
Menkaure is nearby!
A goblin comes into view. It is wielding a +0 dagger.
Menkaure shouts!
The goblin shouts!
You hear a shout!
Menkaure closely misses you.
A hobgoblin comes into view.
You hit Menkaure. You grab Menkaure. You squeeze Menkaure.
Menkaure is moderately damaged.
You constrict Menkaure. Menkaure hits you but does no damage.
The goblin hits you with a +0 dagger.
You hit Menkaure but do no damage. You squeeze Menkaure!
Menkaure is severely damaged.
You constrict Menkaure. You hit Menkaure but do no damage.
Menkaure is severely damaged.
You constrict Menkaure. Menkaure hits you!!
The goblin hits you with a +0 dagger.
You hit Menkaure.
Menkaure is almost destroyed.
You constrict Menkaure. The goblin hits you with a +0 dagger.
Menkaure hits you!
* * * LOW HITPOINT WARNING * * *
You hit Menkaure.
You destroy Menkaure!
Your Short Blades skill increases to level 6!
Your Throwing skill increases to level 3!
Your Dodging skill increases to level 2!
You closely miss the goblin. Your grab misses the goblin.
The goblin hits you but does no damage.
You closely miss the goblin. You grab the goblin.
You constrict the goblin, but do no damage.
The goblin hits you with a +0 dagger.
You die...
Your body crumbles into a pile of gold.

### #........
##.## #.......#
#...## #
#.......## #....##
#.#........#
##.....#
#..........##
#...>..#
#...g......#
#......#
#....$g?...##
#......#
#.....@.....#
###.....
#...).......##
####.. .
#............#
##.# ..
#.............##
#..# ...
##...###...<.....#
##.## ... #...#
####......#####.##
.. ##..#
####....#.....#
#######..##
###.......##
........##
###....##


You could see a hobgoblin and a goblin.

Vanquished Creatures
  Menkaure (D:4)
  A centaur skeleton (D:4)
  An iguana (D:4)
  Jessica (D:2)
  Terence (D:2)
  6 adders
  2 river rats (D:3)
  An adder skeleton (D:4)
  A worm (D:2)
  A dart slug (D:2)
  4 orcs (D:4)
  11 ball pythons
  9 bats
  3 endoplasms
  3 giant cockroaches
  3 goblins
  5 hobgoblins
  4 quokkas
  8 frilled lizards
  8 kobolds
  3 rats (D:3)
77 creatures vanquished.

Notes
Turn   | Place    | Note
-------+----------+-------------------------------------------
     0 | D:1      | Delamore the Octopode Brigand began the quest for the Orb.
     0 | D:1      | Reached XP level 1. HP: 14/14 MP: 1/1
   300 | D:1      | Reached XP level 2. HP: 19/19 MP: 2/2
   540 | D:1      | Found a faded altar of an unknown god.
  1234 | D:2      | Reached XP level 3. HP: 24/24 MP: 3/3
  1438 | D:2      | Reached XP level 4. HP: 29/29 MP: 4/4
  1473 | D:2      | Noticed Jessica
  1482 | D:2      | Killed Jessica
  1737 | D:2      | Noticed Terence
  1749 | D:2      | Killed Terence
  1927 | D:3      | Reached XP level 5. HP: 27/34 MP: 5/5
  2044 | D:3      | Found a glowing drain.
  2078 | Sewer    | Entered a sewer
  3171 | D:4      | Reached skill level 5 in Short Blades
  3171 | D:4      | Reached XP level 6. HP: 34/39 MP: 6/6
  3395 | D:4      | Found a staircase to the Ecumenical Temple.
  3422 | D:4      | Noticed Menkaure
  3437 | Temple   | Entered the Ecumenical Temple
  3454 | Temple   | Became a worshipper of Gozag Ym Sagoz the Greedy
  3497 | D:4      | Identified 2 scrolls of acquirement
  3505 | D:4      | Acquired a manual of Dodging
  3507 | D:4      | Acquired a manual of Short Blades
  3681 | D:4      | Killed Menkaure
  3683 | D:4      | Slain by a goblin

Illustrated notes

Levels and vault maps discovered:
D:1:      dpeg_arrival_rhombus, layout_basic, shapermc_ecumenical_altar_venn
D:2:      layout_loops_ring, uniq_terence, uniq_jessica
D:3:      layout_rooms, gup_sewer_entry_bowl, kennysheep_generic_room_12
D:4:      layout_cave_pods, minmay_temple_entry_statues_fountains, uniq_menkaure
Temple:   dpeg_three_leaves_temple

Skill      XL: |  1  2  3  4  5  6 |
---------------+-------------------+-----
Short Blades   | 3 4 5 6 |  6.2
Stealth        | 6 |  6.4
Throwing       | 3 |  3.2
Dodging        | 2 |  2.4
Fighting       | |  2.0

Action                   |  1- 3 |  4- 6 || total
-------------------------+-------+-------++-------
Melee: Dagger            |    51 |    79 ||   130
       Constrict         |    13 |    12 ||    25
       Tentacles         |     8 |    13 ||    21
Throw: Dart              |     6 |       ||     6
  Use: Scroll            |     2 |     5 ||     7
 Stab: Sleeping          |    14 |    22 ||    36
Armor: Skin              |     2 |     5 ||     7
Dodge: Dodged            |    22 |    29 ||    51
